Workbook

Sheet PostTransSettings
A1: Demo2 | B1: 1 | C1: Txt: CompanyName
B4: 1 | C4: Txt: Stock Import:Default Location
A6: X | B6: 1 | C6: Txt: FirstTime
A12: 2000 | B12: 2 | C12: Num: Max Transaction rows
A13: C:\Sage\attachments | B13: 1 | C13: Txt: CompanyPATH
A14: DEMO02 | B14: 1 | C14: Txt: CompanyCode
A15: TRUE | B15: 3 | C15: Chk: Write Company name into CuDelName/SuDelName
B17: 1 | C17: Txt: Email-Always CC
A18: Your Order REF | B18: 1 | C18: Txt: Email-Subject
A19: Please find attached your sales order REF | B19: 1 | C19: Txt: Email-Body
B20: 1 | C20: Txt: Default Printer
A23: TRUE | B23: 3 | C23: Chk: Write Company name into CuName/SuName
A24: TRUE | B24: 3 | C24: Chk: Write Company name into THDelName
A26: 30 | B26: 2 | C26: Num: Data starts at row
A31: FALSE | B31: 3 | C31: Chk: Import: Enable File Import Button
A32: TRUE | B32: 3 | C32: Chk: Discount:Auto Create Discount Name
A33: TRUE | B33: 3 | C33: Chk: Discount:Update Name on Discount change
A34: TRUE | B34: 3 | C34: Chk: Discount:Include Currency Code
B35: 1 | C35: Txt: Discount:Ignore CurrencyChars
A36: TRUE | B36: 3 | C36: Chk: Discount:Include UOM
B37: 1 | C37: Txt: Discount:Ignore UOM Chars
B38: 1 | C38: Txt: Printing:Sales Quote Layout
B39: 1 | C39: Txt: Printing:Sales Order Layout
B40: 1 | C40: Txt: Printing:Sales Invoice Layout
B41: 1 | C41: Txt: Printing:Purchase Order Layout
A42: TRUE | B42: 3 | C42: Chk: Discount:Include Discount Summary
B43: 1 | C43: Txt: BOM:Default BOM component type
A44: TRUE | B44: 3 | C44: Chk: BOM:Update on code change
B45: 1 | C45: Txt: BOM:Default BOM component type with .
B46: 1 | C46: Txt: BOM:Default BOM component type with ,
B47: 1 | C47: Txt: BOM:Default BOM component type with [
A48: FALSE | B48: 3 | C48: Chk: BOM:Use Sheet Component/Operations Descriptions
B49: 1 | C49: Txt: Stock Import:Default Manufacturing Warehouse
A50: FALSE | B50: 3 | C50: Chk: Don't Delete Row after delete record
B51: 1 | C51: Txt: BOM:Default BOM component type with ;
B52: 1 | C52: Txt: BOM:Default BOM component type with ]
B53: 1 | C53: Txt: BOM:Default BOM component type with #
B54: 1 | C54: Txt: Stock Take/Bins Import:Default WOcategory

Sheet Sales
B1: Inter-Company Transfer | C1: Transaction types SIA/PIA, imports SI and PI, and adjusts the stock qty
B3: Date: | C3: 43023 | E3: Read blog article on this
B4: Trans Type: | C4: SIA, Sales Invoice And Adj
B5: Account Code: | C5: ABB001, Abbey Retail Ltd
B6: Company Code: | C6: DEMO01, Demonstration Data | D6: Purchase: | E6: DEMO02, Demo2
D7: Acc: | E7: SUP001
B8: Default Location: | C8: WAREHOUSE, Warehouse | D8: In Sheet: | E8: Purchase
B15: Tip:This area is for the Transaction header values. These are accessed from the under the 'Header' Tab on the Tags Pane --->
C16: Tip:You should watch the training video, also available using the [Help] button, which explains all...
B18: Tip:The cursor can be made to follow a path by going into [setup], 'Lookup' tab and recording the cell movement.
B20: Tip:Tags beginning with 'TH' can put in this header section, for single transactions.
C21: Or placed in row 28 to specify in data rows.
B24: Tip:Unwanted rows can be hiddden, or grouped, use help to find the topic on this
B25: So grouping can hide the Tags in row 28. Putting and 'X' in row 26 will cause the column to be cleared when [Clear] button is pressed. Any other value is copied down the sheet, including formula.
A27: X | B27: X | C27: X | D27: 0 | E27: X | F27: 0 | G27: 0 | H27: 0 | I27: 0 | J27: 0
A28: TLPosted | B28: TLStock^ | C28: TLDesc | D28: TLQty^ | E28: TLUnitPrice^ | F28: TLDiscPerc^ | G28: TLTotNet | H28: TLTotCost | I28: TLTaxAmount | J28: StQtyFree
A29: Status | B29: StockCode | C29: Description | D29: Qty | E29: Unit Price | F29: Disc % | G29: TotNet | H29: TotCost | I29: Tax Amount | J29: Qty Free
A30: POSTED:SI27031_1Adj Error:Invalid Wharehouse/Bin item WAREHOUSE - | B30: ABCookHoods/22/2 | C30: AB Cooker Hoods Chimney/White | D30: 1 | E30: 30 | G30: 30 | H30: 52.5 | I30: 5.25 | J30: 7

Sheet Purchase
B1: Inter-Company Transfer | C1: Transaction types SIA/PIA, imports SI and PI, and adjusts the stock qty
B3: Date: | C3: =Sales!C3 -> 43023 | E3: Read blog article on this
B4: Trans Type: | C4: PIA, Purchase Invoice and Adj | E4: This sheet referances the "Sales" sheet
B5: Account Code: | C5: SIM001, Simpsons Stationery Supplies
B6: Company Code: | C6: =Sales!E6 -> DEMO02, Demo2
B7: Next Sheet: | C7: Sales
B9: Default Location: | C9: WAREHOUSE, Warehouse
B15: Tip:This area is for the Transaction header values. These are accessed from the under the 'Header' Tab on the Tags Pane --->
C16: Tip:You should watch the training video, also available using the [Help] button, which explains all...
B18: Tip:The cursor can be made to follow a path by going into [setup], 'Lookup' tab and recording the cell movement.
B20: Tip:Tags beginning with 'TH' can put in this header section, for single transactions.
C21: Or placed in row 28 to specify in data rows.
B24: Tip:Unwanted rows can be hiddden, or grouped, use help to find the topic on this
B25: So grouping can hide the Tags in row 28. Putting and 'X' in row 26 will cause the column to be cleared when [Clear] button is pressed. Any other value is copied down the sheet, including formula.
A27: X | E27: =IF(Sales!E27<>"",Sales!E27,"") -> X
A28: TLPosted | B28: TLStock^ | C28: TLDesc | D28: TLQty^ | E28: TLUnitPrice^
A29: Status | B29: StockCode | C29: Description | D29: Qty | E29: Cost
A30: POSTED:PI27019_1Adj Error:Invalid Wharehouse/Bin item WAREHOUSE - | B30: =IF(Sales!B30<>"",Sales!B30,"") -> ABCookHoods/22/2 | C30: =IF(Sales!C30<>"",Sales!C30,"") -> AB Cooker Hoods Chimney/White | D30: =IF(Sales!D30<>"",Sales!D30,"") -> 1 | E30: =IF(Sales!E30<>"",Sales!E30,"") -> 30
B31: =IF(Sales!B31<>"",Sales!B31,"") | C31: =IF(Sales!C31<>"",Sales!C31,"") | D31: =IF(Sales!D31<>"",Sales!D31,"") | E31: =IF(Sales!E31<>"",Sales!E31,"")
B32: =IF(Sales!B32<>"",Sales!B32,"") | C32: =IF(Sales!C32<>"",Sales!C32,"") | D32: =IF(Sales!D32<>"",Sales!D32,"") | E32: =IF(Sales!E32<>"",Sales!E32,"")
B33: =IF(Sales!B33<>"",Sales!B33,"") | C33: =IF(Sales!C33<>"",Sales!C33,"") | D33: =IF(Sales!D33<>"",Sales!D33,"") | E33: =IF(Sales!E33<>"",Sales!E33,"")
B34: =IF(Sales!B34<>"",Sales!B34,"") | C34: =IF(Sales!C34<>"",Sales!C34,"") | D34: =IF(Sales!D34<>"",Sales!D34,"") | E34: =IF(Sales!E34<>"",Sales!E34,"")
B35: =IF(Sales!B35<>"",Sales!B35,"") | C35: =IF(Sales!C35<>"",Sales!C35,"") | D35: =IF(Sales!D35<>"",Sales!D35,"") | E35: =IF(Sales!E35<>"",Sales!E35,"")
B36: =IF(Sales!B36<>"",Sales!B36,"") | C36: =IF(Sales!C36<>"",Sales!C36,"") | D36: =IF(Sales!D36<>"",Sales!D36,"") | E36: =IF(Sales!E36<>"",Sales!E36,"")
B37: =IF(Sales!B37<>"",Sales!B37,"") | C37: =IF(Sales!C37<>"",Sales!C37,"") | D37: =IF(Sales!D37<>"",Sales!D37,"") | E37: =IF(Sales!E37<>"",Sales!E37,"")
B38: =IF(Sales!B38<>"",Sales!B38,"") | C38: =IF(Sales!C38<>"",Sales!C38,"") | D38: =IF(Sales!D38<>"",Sales!D38,"") | E38: =IF(Sales!E38<>"",Sales!E38,"")
B39: =IF(Sales!B39<>"",Sales!B39,"") | C39: =IF(Sales!C39<>"",Sales!C39,"") | D39: =IF(Sales!D39<>"",Sales!D39,"") | E39: =IF(Sales!E39<>"",Sales!E39,"")
B40: =IF(Sales!B40<>"",Sales!B40,"") | C40: =IF(Sales!C40<>"",Sales!C40,"") | D40: =IF(Sales!D40<>"",Sales!D40,"") | E40: =IF(Sales!E40<>"",Sales!E40,"")
B41: =IF(Sales!B41<>"",Sales!B41,"") | C41: =IF(Sales!C41<>"",Sales!C41,"") | D41: =IF(Sales!D41<>"",Sales!D41,"") | E41: =IF(Sales!E41<>"",Sales!E41,"")
B42: =IF(Sales!B42<>"",Sales!B42,"") | C42: =IF(Sales!C42<>"",Sales!C42,"") | D42: =IF(Sales!D42<>"",Sales!D42,"") | E42: =IF(Sales!E42<>"",Sales!E42,"")
... B103: =IF(Sales!B103<>"",Sales!B103,"") | C103: =IF(Sales!C103<>"",Sales!C103,"") | D103: =IF(Sales!D103<>"",Sales!D103,"") | E103: =IF(Sales!E103<>"",Sales!E103,"")
